Map: Green Acres

Players

ARTIK - Winner!

  • Race: Protoss Protoss
  • Spawn Location: 9:00

JIXEN - Winner!

  • Race: Terran Terran
  • Spawn Location: 6:00

Dancer - Winner!

  • Race: Terran Terran
  • Spawn Location: 7:00

Miro

  • Race: Zerg Zerg
  • Spawn Location: 12:00

ЯужеНеТоТ

  • Race: Terran Terran
  • Spawn Location: 1:00

Gracz

  • Race: Terran Terran
  • Spawn Location: 3:00

VOD

Have the link to the VOD?

Description

Time

  • Played on: March 11, 2016, 6:41 p.m.
  • Length: 11:19
Show
View Real Time Build Order
Export as new Build Order

ARTIK Protoss - Winner!

Build Orders: Blink Stalkers 

Get SALT Encoding   

  12  0:02  Probe (Chrono Boost)  
  13  0:14  Pylon  
  13  0:18  Probe (Chrono Boost)  
  14  0:29  Probe (Chrono Boost)  
  14  0:35  Gateway  
  15  0:45  Assimilator  
  15  0:50  Assimilator  
  15  0:51  Probe (Chrono Boost)  
  16  1:02  Probe (Chrono Boost)  
  17  1:07  Pylon  
  17  1:12  Probe (Chrono Boost)  
  18  1:26  Cybernetics Core  
  18  1:28  Probe (Chrono Boost)  
  19  1:39  Probe (Chrono Boost)  
  20  1:49  Gateway, Probe (Chrono Boost)  
  20  1:52  Pylon  
  21  2:00  Probe (Chrono Boost)  
  22  2:03  Warp Gate (Chrono Boost)  
  22  2:12  Twilight Council  
  22  2:19  Stalker  
  24  2:36  Stalker  
  26  2:44  Forge  
  26  2:49  Blink (Chrono Boost)  
  26  2:55  Stalker  
  28  3:03  Mothership Core  
  30  3:19  Protoss Ground Weapons Level 1 (Chrono Boost)  
  30  3:24  Pylon  
  34  3:44  Pylon  
  34  3:49  Photon Cannon  
  30  4:19  Stalker x2  
  30  4:24  Probe  
  35  4:30  Gateway  
  35  4:33  Gateway  
  35  4:40  Photon Cannon  
  35  4:44  Photon Cannon  
  35  4:47  Photon Cannon  
  35  4:56  Pylon  
  35  4:59  Pylon  
  35  5:14  Protoss Ground Weapons Level 2 (Chrono Boost)  
  35  5:25  Stalker x2  
  39  5:29  Stalker  
  39  5:31  Stalker  
  43  6:33  Nexus  
  41  7:12  Stalker x2  
  41  7:13  Stalker x2  
  35  7:42  Assimilator, Stalker x3  
  35  7:43  Stalker  
  41  7:47  Assimilator  
  41  7:48  Pylon  
  41  7:51  Probe  
  41  7:54  Pylon  
  41  7:58  Gateway  
  42  8:01  Probe  
  43  8:12  Probe  
  43  8:17  Gateway  
  44  8:21  Gateway  
  44  8:23  Probe  
  44  8:24  Pylon  
  45  8:31  Forge  
  45  8:33  Probe  
  46  8:44  Probe  
  47  8:53  Protoss Ground Weapons Level 3 (Chrono Boost)  
  47  8:54  Probe  
  48  9:05  Probe  
  49  9:17  Pylon  
  49  9:23  Protoss Shields Level 1 (Chrono Boost)  
  49  9:24  Stalker  
  49  9:25  Stalker x2  
  49  9:26  Stalker  
  57  9:56  Nexus  
  35  10:20  Stalker  
  35  10:21  Stalker x3  
  37  10:22  Stalker x2  
  37  10:23  Stalker  
  47  10:48  Assimilator  
  47  10:52  Assimilator  
  47  10:56  Pylon, Stalker x2  
  51  10:58  Stalker  
Show
View Real Time Build Order
Export as new Build Order

JIXEN Terran - Winner!

Build Orders: Hellion Opening 

Get SALT Encoding   

  12  0:02  SCV  
  13  0:15  Supply Depot  
  13  0:22  Refinery  
  13  0:42  Barracks  
  13  0:43  SCV  
  14  0:55  SCV  
  15  1:03  Supply Depot  
  15  1:07  SCV  
  16  1:30  Orbital Command  
  16  1:34  Factory  
  16  1:44  Barracks Reactor  
  16  1:56  Supply Depot  
  16  1:57  SCV  
  17  2:04  Engineering Bay  
  17  2:33  Hellion x2  
  21  2:37  SCV  
  22  2:45  Supply Depot  
  22  2:53  Missile Turret  
  22  2:54  Hellion x2  
  26  3:14  Missile Turret  
  26  3:15  Hellion  
  26  3:16  Hellion  
  30  3:29  Missile Turret  
  30  3:37  Hellion x2  
  34  3:51  Refinery, SCV  
  35  3:58  Hellion x2  
  35  3:59  Missile Turret  
  39  4:06  Sensor Tower  
  39  4:12  Armory  
  39  4:22  Hellion x2  
  43  4:44  Sensor Tower  
  43  4:53  Widow Mine  
  43  4:54  Widow Mine  
  47  5:22  Widow Mine x2  
  27  6:25  Widow Mine x2  
  31  6:32  Factory  
  31  6:40  Factory, SCV  
  32  6:51  Reaper  
  32  6:53  Widow Mine x2  
  33  7:00  Supply Depot  
  37  7:22  Supply Depot  
  37  7:23  Reaper  
  38  7:38  Factory Tech Lab  
  38  7:39  Factory Reactor  
  38  7:45  Terran Vehicle And Ship Armor Level 1, Supply Depot  
  38  7:56  Command Center  
  38  8:07  Supply Depot  
  38  8:35  Command Center  
  38  8:43  Drilling Claws  
  38  8:50  Hellion x3  
  44  9:10  Orbital Command  
  44  10:04  Hellion x2  
  44  10:05  Hellion x3  
  54  10:40  Planetary Fortress  
  54  10:56  Hellion x3  
  54  10:57  Hellion x2  
Show
View Real Time Build Order
Export as new Build Order

Dancer Terran - Winner!

Build Orders: Reaper Expand, MMM Bio 

Get SALT Encoding   

  12  0:01  SCV  
  13  0:14  Supply Depot  
  13  0:17  SCV  
  14  0:29  SCV  
  15  0:37  Barracks  
  15  0:42  Refinery  
  15  0:44  SCV  
  16  0:56  SCV  
  17  1:09  SCV  
  18  1:23  Orbital Command  
  19  1:25  Reaper  
  19  1:40  Command Center  
  19  1:49  SCV  
  20  1:57  Marine  
  21  2:01  SCV  
  21  2:04  Factory  
  22  2:09  Supply Depot  
  22  2:13  SCV  
  23  2:19  Refinery  
  23  2:30  Marine, SCV  
  25  2:43  SCV  
  26  2:47  Barracks  
  26  2:48  Marine  
  27  3:04  Factory Tech Lab  
  27  3:05  Orbital Command  
  27  3:06  Marine  
  28  3:16  Supply Depot  
  28  3:17  Starport, SCV  
  29  3:24  Marine  
  30  3:38  Siege Tank  
  30  3:40  Orbital Command  
  33  3:41  Marine  
  33  3:43  Barracks  
  34  3:51  Barracks Tech Lab, SCV  
  34  3:52  Supply Depot  
  35  3:56  Medivac  
  35  4:01  Marine  
  38  4:05  SCV  
  38  4:06  SCV  
  40  4:15  Siege Tank  
  43  4:18  SCV  
  43  4:21  Supply Depot, SCV  
  45  4:25  Marine  
  45  4:26  Marine  
  45  4:30  SCV  
  48  4:31  Marine  
  48  4:32  Medivac  
  48  4:37  SCV  
  52  4:40  Refinery  
  52  4:42  Refinery, SCV  
  52  4:43  Marine  
  54  4:48  Marine  
  54  4:49  Marine  
  56  4:54  Barracks  
  56  4:55  SCV x2  
  58  5:00  Bunker  
  58  5:09  SCV x2  
  58  5:10  Marine x3  
  58  5:11  Medivac  
  65  5:18  Siege Tank  
  68  5:30  Barracks Tech Lab  
  68  5:31  Marine x2  
  68  5:32  Stimpack  
  70  5:39  Supply Depot  
  70  5:44  Supply Depot  
  70  5:45  Supply Depot  
  70  6:00  Marine x2  
  70  6:01  SCV x2, Marauder  
  76  6:05  Barracks Tech Lab, Starport Reactor  
  76  6:06  Combat Shields  
  76  6:14  Engineering Bay  
  76  6:15  Engineering Bay  
  76  6:18  Marine  
  77  6:30  Supply Depot  
  77  6:31  Supply Depot  
  77  6:38  Marine x2  
  77  6:39  Marauder  
  81  6:55  SCV x2  
  81  6:56  Marine  
  81  6:57  Marauder  
  81  6:59  Marine  
  87  7:02  Command Center  
  87  7:07  SCV  
  88  7:14  Marine  
  88  7:15  Terran Infantry Weapons Level 1  
  88  7:17  Marine  
  88  7:18  Marauder  
  88  7:19  SCV x2  
  93  7:31  Marine  
  93  7:36  Marauder  
  95  7:39  Marine  
  89  7:44  SCV x2  
  89  7:46  Terran Infantry Armor Level 1  
  89  7:49  Concussive Shells, Marine  
  89  7:50  Medivac x2  
  95  7:52  Marauder  
  95  7:55  Missile Turret  
  95  7:56  Marine, SCV  
  95  7:57  Marine  
  100  8:07  Marine  
  100  8:12  Barracks  
  101  8:13  Marine  
  101  8:14  Marine  
  101  8:15  Marauder  
  102  8:25  Marine  
  103  8:31  Marauder  
  103  8:32  Marine  
  106  8:36  Marine  
  103  8:42  Medivac x2  
  103  8:43  Marine  
  103  8:47  SCV  
  103  8:48  SCV  
  111  8:51  Marauder  
  111  8:52  Marine  
  111  8:54  Marauder  
  115  8:59  SCV  
  115  9:00  SCV  
  115  9:01  Marine  
  118  9:08  Barracks Reactor  
  118  9:10  Marine  
  118  9:11  SCV  
  118  9:12  Medivac x2, SCV  
  125  9:20  Missile Turret  
  125  9:22  Missile Turret  
  125  9:41  Refinery  
  125  9:45  Refinery  
  125  10:12  Fusion Core  
  125  10:14  Supply Depot  
  125  10:19  Supply Depot  
  125  10:20  Supply Depot x2  
  125  10:22  Marine  
  125  10:23  Armory  
  125  10:33  Planetary Fortress  
  125  10:35  Marine x4  
  125  10:36  Marauder  
  125  10:40  Marine  
  125  10:41  Barracks  
  125  10:42  Barracks  
  138  10:47  Barracks  
  138  10:53  Marine x2  
  138  10:54  Marauder x2  
  144  10:57  Marine  
  144  10:58  Marine  
Show
View Real Time Build Order
Export as new Build Order

Miro Zerg 

Build Orders: Hatch First 

Get SALT Encoding   

  12  0:03  Drone  
  13  0:13  Drone  
  14  0:35  Hatchery  
  14  0:40  Drone  
  14  0:49  Overlord  
  14  1:03  Extractor  
  13  1:05  Drone  
  13  1:06  Extractor  
  13  1:24  Drone x3  
  16  1:31  Spawning Pool  
  15  1:38  Drone  
  16  1:50  Drone  
  16  1:51  Drone  
  18  2:05  Drone x2  
  20  2:18  Queen x2  
  24  2:23  Drone  
  25  2:53  Queen  
  25  2:58  Queen, Baneling Nest, Overlord  
  28  3:06  Overlord  
  28  3:18  Drone x3  
  31  3:23  Metabolic Boost  
  31  3:36  Zergling x2  
  31  3:37  Zergling x4  
  31  3:38  Zergling x2  
  35  3:50  Lair  
  35  3:55  Drone x2  
  37  4:04  Evolution Chamber  
  37  4:08  Evolution Chamber  
  35  4:11  Drone x2  
  35  4:16  Drone  
  35  4:17  Drone  
  39  4:27  Spore Crawler  
  38  4:32  Zerg Melee Weapons Level 1  
  38  4:38  Zerg Ground Armor Level 1  
  38  4:51  Zergling x4, Infestation Pit  
  38  4:52  Zergling x2  
  40  4:56  Drone  
  40  4:59  Drone  
  42  5:03  Drone  
  42  5:04  Drone  
  44  5:22  Overlord x3  
  44  5:33  Hive  
  41  6:11  Drone x2  
  41  6:12  Drone x7  
  41  6:13  Drone  
  41  6:18  Zergling x4  
  53  6:26  Centrifical Hooks  
  53  6:47  Adrenal Glands  
  43  6:48  Zergling x6  
  43  6:49  Zergling x6  
  43  6:56  Zergling x8  
  34  7:25  Drone  
  34  7:26  Drone x2  
  33  7:43  Drone  
  34  7:56  Drone  
  35  7:59  Drone  
  21  8:24  Drone  
  21  8:25  Drone x4  
  26  8:44  Zergling x8  
  26  8:45  Zergling x2  
  31  9:08  Baneling x3  
  31  9:09  Baneling x7  
  31  9:11  Zergling x4  
  31  9:12  Zergling x2  
  34  9:20  Zergling x4  
  36  9:30  Zergling x4  
  38  9:40  Zergling x6  
  41  9:50  Zergling x4  
  43  9:54  Zergling x2  
  44  10:20  Zergling x4  
  44  10:21  Zergling x6  
  49  10:23  Baneling  
  49  10:37  Zergling x6  
  52  10:50  Overlord x2  
Show
View Real Time Build Order
Export as new Build Order

ЯужеНеТоТ Terran 

Build Orders: Command Center First (CC) 

Get SALT Encoding   

  12  0:02  SCV  
  13  0:19  Supply Depot  
  13  0:20  SCV  
  14  0:32  SCV  
  15  0:44  SCV  
  16  0:59  Command Center  
  16  1:03  SCV  
  17  1:16  SCV  
  18  1:19  Refinery  
  18  1:27  Barracks  
  18  1:28  SCV  
  19  1:44  Supply Depot  
  19  1:46  SCV  
  20  1:58  SCV  
  21  2:09  Barracks  
  21  2:10  SCV  
  22  2:31  Bunker, Marine  
  23  2:47  Engineering Bay  
  23  2:58  Marine  
  23  3:01  Barracks  
  24  3:17  Sensor Tower  
  24  3:23  SCV  
  24  3:25  Supply Depot  
  25  3:28  Refinery  
  25  3:32  SCV  
  26  3:36  SCV  
  26  3:41  Missile Turret  
  27  3:43  Missile Turret, Sensor Tower  
  27  3:44  SCV  
  27  3:48  SCV  
  29  3:53  Missile Turret  
  29  3:56  SCV  
  29  3:58  Marine  
  29  3:59  Marine  
  32  4:08  SCV  
  33  4:13  Barracks Tech Lab  
  33  4:16  Marine  
  34  4:18  Factory  
  34  4:27  Refinery  
  34  4:29  Planetary Fortress  
  34  4:40  Missile Turret  
  34  4:41  SCV  
  34  4:44  Marine  
  34  4:45  Marine  
  37  4:53  SCV  
  37  4:54  Concussive Shells  
  37  4:56  Marauder  
  40  5:10  SCV  
  41  5:16  Missile Turret  
  40  5:22  SCV  
  40  5:23  Sensor Tower  
  40  5:28  Marine x2  
  39  5:39  Factory Tech Lab  
  28  5:43  SCV  
  16  5:56  Marine, SCV  
  16  5:57  Marine x2  
  17  5:59  SCV  
  20  6:08  SCV  
  21  6:15  Marine  
  19  6:20  SCV  
  17  6:32  SCV  
  17  6:37  Marine  
  19  6:41  Siege Tank  
  21  6:49  SCV  
  21  7:01  Marine  
  20  7:02  SCV  
  22  7:14  SCV  
  19  7:29  Marine  
  20  7:32  SCV  
  21  7:42  Barracks  
  21  7:44  SCV, Factory Tech Lab  
  21  7:46  Engineering Bay  
  22  7:56  SCV  
  22  7:57  SCV  
  24  8:06  Siege Tank  
  24  8:09  SCV x2  
  29  8:21  SCV  
  29  8:24  SCV  
  29  8:26  Refinery  
  31  8:31  Barracks  
  31  8:33  SCV  
  32  9:00  Siege Tank  
  35  9:04  Marine  
  35  9:06  Marine  
  35  9:07  SCV  
  35  9:09  SCV  
  39  9:16  Sensor Tower  
  39  9:19  SCV  
  39  9:21  SCV  
  42  9:31  SCV  
  42  9:32  Missile Turret  
  42  9:48  Sensor Tower  
  36  10:06  Siege Tank  
  38  10:07  Marine x3  
  41  10:25  Marine  
  39  10:38  Marine x2  
Show
View Real Time Build Order
Export as new Build Order

Gracz Terran 

Build Orders:  

Get SALT Encoding   

  12  0:01  SCV  
  13  0:13  SCV  
  14  0:32  Supply Depot  
  14  0:42  Refinery, SCV  
  15  0:45  Supply Depot  
  15  0:54  SCV  
  16  1:01  Supply Depot  
  16  1:10  Supply Depot  
  16  1:20  Barracks  
  16  1:21  SCV  
  17  1:47  Barracks  
  17  1:54  Barracks  
  17  1:56  SCV  
  18  2:21  Engineering Bay  
  18  2:28  Engineering Bay  
  18  2:32  Reaper  
  18  2:35  Orbital Command  
  15  2:46  Marine x2  
  13  3:56  SCV  
  14  4:09  SCV  
  15  4:10  Barracks Reactor  
  15  4:39  SCV  
  16  4:51  SCV  
  17  5:03  SCV  
  17  5:04  Barracks Reactor  
  18  5:11  Refinery  
  18  5:15  SCV  
  18  5:20  Barracks Reactor  
  18  5:21  Marine x2  
  18  5:27  SCV  
  21  5:40  SCV  
  20  5:52  SCV  
  20  5:54  Marine  
  20  5:55  Marine x2  
  20  5:56  Reaper x2  
  25  6:16  Reaper x2  
  23  6:27  Marine  
  23  6:28  Marine x2, Reaper  
  25  6:45  Marine  
  25  6:46  Marine x2  
  28  6:47  Marine x2  
  29  6:59  Marine  
  26  7:03  Marine  
  26  7:04  Marine x2  
  26  7:05  Marine x2  
  31  7:17  Marine  
  31  7:21  Marine  
  31  7:22  Marine x2  
  32  7:23  Marine x2  
  30  7:35  Reaper  
  31  7:39  Reaper  
  32  8:00  Terran Infantry Armor Level 1, Terran Infantry Weapons Level 1  
  32  8:01  Barracks  
  32  8:10  Factory  
  32  8:18  Supply Depot  
  19  8:41  Reaper  
  19  8:42  Reaper x2  
  19  8:43  Marine  
  19  8:44  Marine x2  
  25  8:52  Supply Depot  
  25  9:01  Marine  
  25  9:02  Marine x2, Supply Depot  
  28  9:11  Sensor Tower  
  28  9:13  Marine  
  28  9:14  Marine x2  
  31  9:18  Supply Depot  
  31  9:19  Marine x3, Factory Tech Lab  
  31  9:21  Supply Depot  
  34  9:31  Marine x3  
  34  9:32  Starport  
  34  9:37  Marine x3, Starport  
  40  9:49  Marine x3  
  35  10:23  Barracks Reactor  
  35  10:31  Starport Tech Lab x2  
  35  10:49  Marine x3  
  36  10:50  Marine x3  
Tags
 
Add a new tag
Caveats
  • Supply blocks, unpowered buildings, or Contaminate may cause inaccurate times.
  • Supply counts are checked every 10 seconds.